 Dungeon Crawl Stone Soup version 0.23-a0-407-g92528d7 (webtiles) character file.

828 Bacchus the Magician (level 7, 0/32 HPs)
             Began as a Spriggan Conjurer on Nov 7, 2018.
             Was a Believer of Sif Muna.
             Slain by a bullfrog (3 damage)
             ... on level 7 of the Dungeon.
             The game lasted 00:58:46 (6329 turns).

Bacchus the Magician (Spriggan Conjurer)            Turns: 6329, Time: 00:58:46

Health: 0/32       AC:  3    Str:  5    XL:     7   Next: 65%
Magic:  7/18       EV: 18    Int: 18    God:    Sif Muna [**....]
Gold:   164        SH:  0    Dex: 16    Spells: 16/19 levels left

rFire    . . .     SeeInvis +   b - +0 blowgun
rCold    . . .     Gourm    .   (shield restricted)
rNeg     . . .     Faith    .   m - +0 robe
rPois    +         Spirit   .   (helmet restricted)
rElec    .         Reflect  .   t - +0 cloak
rCorr    .         Harm     .   (gloves unavailable)
MR       +....                  (boots unavailable)
Stlth    ++........             (no amulet)
HPRegen  0.10/turn              p - ring of poison resistance {rPois, !d}
MPRegen  0.16/turn              (no ring)

@: divine energy, very quick
A: very small, unfitting armour, see invisible, herbivore, speed 3, slow
metabolism 2
a: Stop Divine Energy, Renounce Religion


You were on level 7 of the Dungeon.
You worshipped Sif Muna.
Sif Muna was pleased with you.
You were hungry.

You visited 1 branch of the dungeon, and saw 5 of its levels.

You collected 164 gold pieces.

Inventory:

Hand Weapons
 a - a +2 dagger of protection
   (You took it off a goblin on level 3 of the Dungeon)
 b - a +0 blowgun (weapon)
   (You took it off a kobold on level 3 of the Dungeon)
 c - a +0 hunting sling
   (You took it off a goblin on level 3 of the Dungeon)
Missiles
 f - 167 stones (quivered)
 g - 32 bolts
 s - 33 sling bullets
Armour
 m - a +0 robe (worn)
 t - a +0 cloak (worn)
   (You took it off Crazy Yiuf on level 3 of the Dungeon)
Jewellery
 p - a ring of poison resistance (left hand) {rPois, !d}
   (You took it off a kobold on level 3 of the Dungeon)
Wands
 d - a wand of flame (9)
   (You found it on level 7 of the Dungeon)
Scrolls
 e - 3 scrolls of remove curse
 l - a scroll of amnesia
Potions
 k - 2 potions of resistance {unknown}
 q - a potion of lignification {unknown}
Comestibles
 r - 3 rations


   Skills:
 - Level 3.0 Dodging
 - Level 3.0 Stealth
 + Level 6.9 Spellcasting
 - Level 6.0 Conjurations


You had 16 spell levels left.
You knew the following spells:

 Your Spells              Type           Power        Failure   Level  Hunger
a - Magic Dart            Conj           ####         1%          1    None
b - Searing Ray           Conj           ####..       1%          2    None

Your spell library contained the following spells:

 Spells                   Type           Power        Failure   Level  Hunger
 Iskenderun's Mystic Bla  Conj           ####....     9%          4    ####...
 Dazzling Spray           Conj/Hex       ###...       10%         3    ##.....
 Force Lance              Conj/Tloc      ###.....     30%         4    ####...
 Fulminant Prism          Conj/Hex       ###.......   30%         4    ####...


Dungeon Overview and Level Annotations

Branches:
Dungeon (4/15)
 Temple: D:4-7

Altars:
Okawaru
Ru
Sif Muna
Trog
The Shining One

Shops:
D:4 ([

Annotations:
D:3 , 2 transporters


Innate Abilities, Weirdness & Mutations

You are very small and have problems with some larger weapons.
You are too small for most types of armour.
You have supernaturally acute eyesight. (SInv)
You are a herbivore.
You cover ground extremely quickly.
You need to consume almost no food.


Message History

You take 5 damage, and have 1/32 hp.
You feel better.
The kobold shoots a bolt.
The bolt completely misses you.
The bolt completely misses the crimson imp.
The orc wizard misses you.
You regained 6 hp, and now have 7/32 hp.
The crimson imp shouts, "Slither hence, thou obnoxious flap-mouthed hedge-pig!"
The crimson imp completely misses you.
The orc wizard mumbles some strange words.
The orc wizard blinks!
The orc closely misses you.
Things that are here:
a bolt; a curare-tipped needle The orc wizard gestures wildly while chanting.
The orc wizard seems to speed up.
The crimson imp blinks!
The crimson imp spits at you.
The orc wizard mumbles some strange words.
The orc wizard blinks!
The orc wizard casts a spell.
The orc wizard blinks!
The crimson imp blinks!
Things that are here:
a cursed -1 spear; a green potion The orc wizard casts a spell.
The orc wizard blinks!
Your +2 dagger of protection goes still.
b - a +0 blowgun (weapon)
Unknown command.
Firing (i - inventory. (/) - cycle)
n - 2 poisoned needles (quivered)
Aim: a scorpion You shoot a poisoned needle.
The poisoned needle hits the scorpion.
Firing (i - inventory. (/) - cycle)
n - a poisoned needle (quivered)
Aim: a scorpion You shoot a poisoned needle.
The poisoned needle hits the scorpion.
Your +2 dagger of protection hums with potential!
a - a +2 dagger of protection (weapon)
Unknown command.
The gnoll closely misses you. The gnoll completely misses you.
You see here a hound corpse.
The gnoll hits you with a +0 whip.
* * * LOW HITPOINT WARNING * * *
You take 2 damage, and have 7/32 hp.
Things that are here:
a cursed -1 spear; a green potion The orc shouts!
The orc shouts!
The crimson imp shouts, "Surrender, thou droning wibble-sucking gudgeon!"
The kobold shoots a curare-tipped needle.
The curare-tipped needle closely misses you.
You see here a curare-tipped needle.
h - a curare-tipped needle The crimson imp blinks!
The big kobold shouts!
The kobold unwields a +0 blowgun.
The kobold wields a +0 dagger.
The kobold completely misses you. The orc misses you.
The orc wizard shouts!
The crimson imp closely misses you.
The orc wizard is no longer moving quickly.
The crimson imp misses you.
The orc wizard casts a spell.
The orc wizard seems to speed up.
You start resting.
The crimson imp is too close now for your liking.
A bullfrog comes into view.
The bullfrog croaks.
Here: a bullfrog The floor.
Unknown command.
Unknown command.
The bullfrog hits you!
* * * LOW HITPOINT WARNING * * *
You take 7 damage, and have 2/32 hp.
MASSIVE DAMAGE!!
The bullfrog barely misses you.
You see here a ration.
Your +2 dagger of protection goes still.
b - a +0 blowgun (weapon)
Unknown command.
Quiver which item? (- for none, * to show all) (? for menu, Esc to quit)
Okay, then.
Unknown command.
Unknown command.
Firing (i - inventory. (/) - cycle)
h - a curare-tipped needle (quivered)
Aim: a bullfrog You shoot a curare-tipped needle.
The curare-tipped needle hits the bullfrog.
The bullfrog is poisoned.
The bullfrog convulses.
The bullfrog seems to slow down.
The bullfrog closely misses you.
Quiver which item? (- for none, * to show all) (? for menu, Esc to quit)
Okay, then.
Unknown command.
Aim: a bullfrog (heavily wounded, slow, poisoned)
The magic dart hits the bullfrog.
You now have 9/18 mp.
Aim: a bullfrog (severely wounded, slow, poisoned)
The magic dart hits the bullfrog.
The bullfrog barely misses you.
You now have 8/18 mp.
Aim: a bullfrog (severely wounded, slow, poisoned)
The magic dart hits the bullfrog.
The bullfrog hits you.
You die...

.# #.......# #
..
#######.########
...
.......%........
....
................
..##.
#######..######.
...#.# ##.##
.#.# #..# #..
##F# #@# #..#
##.# .. #.# ..
#.# ..


You could see a bullfrog.

Vanquished Creatures
  Menkaure (D:7)
  A phantom (D:4)
  2 big kobolds (D:3)
  A crimson imp (D:2)
  2 hounds
  Crazy Yiuf (D:3)
  A worker ant (D:4)
  Terence (D:3)
  Robin (D:3)
  10 gnolls
  3 adders (D:2)
  2 worms
  3 dart slugs
  2 leopard geckos
  7 orcs (D:3)
  6 bats
  3 giant cockroaches
  39 goblins
  38 hobgoblins
  5 jackals
  13 kobolds
  2 quokkas
  2 ball pythons
  6 frilled lizards
  5 rats
157 creatures vanquished.

Notes
Turn   | Place    | Note
-------+----------+-------------------------------------------
     0 | D:1      | Bacchus the Spriggan Conjurer began the quest for the Orb.
     0 | D:1      | Reached XP level 1. HP: 9/9 MP: 5/5
     6 | D:1      | Toan: I didn't realise Sp have -3 in Cj
    13 | D:1      | Toan: this was a mistake LOL
    13 | D:1      | Bacchus: They have really lopsided aptitudes.
    13 | D:1      | Bacchus: Naw.
    13 | D:1      | Bacchus: Spriggans are still stupid strong.
    33 | D:1      | Reached skill level 3 in Conjurations
    56 | D:1      | Toan: I don't like spriggans that much, because shields are
                  | the best thing ever
   116 | D:1      | Bacchus: Spriggans can wear bucklers.
   200 | D:1      | Toan: that's not a real shield
   200 | D:1      | Bacchus: Best item in crawl: doors.
   244 | D:1      | Toan: large or bust
   247 | D:1      | Bacchus: Bah
   247 | D:1      | Reached XP level 2. HP: 13/13 MP: 0/6
   406 | D:1      | Bacchus: So we'll go with the first viable god.
   446 | D:1      | Toan: so, D2 Chei?
   447 | D:1      | Toan: C:
   784 | D:1      | Bacchus: I said viable.
   835 | D:1      | Reached XP level 3. HP: 16/16 MP: 2/8
   894 | D:1      | Toan: heh
  1099 | D:2      | Bacchus: Best play would probably be to put two points into
                  | Str.
  1106 | D:2      | Toan: gotta get that plate armor on
  1144 | D:2      | Toan: but yes, if you don't want to be relegated to shit
                  | armor, probably.
  1147 | D:2      | Toan: I'm not a fan of glass cannon
  1234 | D:2      | Toan: I've got a slight hankering for Nemelex focused run.
                  | Like, Human, Ds or DD
  1252 | D:2      | Bacchus: I like Nemelex.
  1252 | D:2      | Toan: DD has some really awesome apts, but the no heal hmm
  1252 | D:2      | Bacchus: He's fun.
  1252 | D:2      | Bacchus: I'd play an older version, but that's me.
  1261 | D:2      | Toan: he was the first god I ever worshipped, but I've been
                  | branching out and checking out other content
  1264 | D:2      | Toan: maybe
  1281 | D:2      | Reached skill level 4 in Conjurations
  1284 | D:2      | Found a deep blue altar of Sif Muna.
  1290 | D:2      | Bacchus: Boo.
  1471 | D:2      | Toan: what's wrong with sif
  1493 | D:2      | Bacchus: Oh, nothing.
  1493 | D:2      | Bacchus: Was just hoping for something a little less
                  | straightforward.
  1509 | D:2      | Learned a level 2 spell: Searing Ray
  1574 | D:2      | Toan: you could just wait till temple
  1580 | D:2      | Toan: but D2 is pretty tempting
  1595 | D:2      | Toan: you could go for like, Dith
  1595 | D:2      | Bacchus: The people who tell you to take the first halfway
                  | decent god in a game are correct.
  1595 | D:2      | Toan: yea but fun takes precedent ofr me
  1595 | D:2      | Bacchus: I hear ya.
  1595 | D:2      | Toan: like, there's no point playing Sif if you're gonna be
                  | bored
  1595 | D:2      | Bacchus: No, I won't be bored.
  1595 | D:2      | Became a worshipper of Sif Muna the Loreminder
  1790 | D:2      | Reached XP level 4. HP: 21/21 MP: 4/9
  1816 | D:2      | Bacchus: lol -3 apt. What the hell is wrong with me?
  1820 | D:2      | Toan: xD
  1835 | D:2      | Toan: hey, with sif, you can branch out better
  1905 | D:2      | Toan: Spriggan melee apts suck. Daaamn.
  1912 | D:2      | Toan: -2 on Fighting is gross
  2206 | D:3      | Bacchus: Yeah if you have a brain you don't ever want to be
                  | in melee as a spriggan ever.
  2206 | D:3      | Bacchus: Unless you're stabbing.
  2219 | D:3      | Toan: stab stab
  2232 | D:3      | Toan: unfortunately, spriggans with silence doesn't sound
                  | like a good time so..
  2232 | D:3      | idiot
  2317 | D:3      | Noticed Robin
  2567 | D:3      | Found a runed door.
  2569 | D:3      | Bacchus: Not good.
  2594 | D:3      | Toan: it's not like it's a whip of elec, plus you can run
                  | away
  2598 | D:3      | Toan: Evoke Feet
  2636 | D:3      | Dammit
  2791 | D:3      | Toan: oh. DD apts aren't as good as I thought. It's mostly
                  | focused in Earth, Invo and Evo
  2793 | D:3      | Killed Robin
  2958 | D:3      | Toan: searing ray so good
  3361 | D:3      | Found a transporter.
  3363 | D:3      | Noticed Terence
  3368 | D:3      | Noticed a hungry ghost
  3368 | D:3      | Noticed a yak
  3382 | D:3      | Killed Terence
  3382 | D:3      | Reached XP level 5. HP: 24/24 MP: 7/10
  3398 | D:3      | Found a sacrificial altar of Ru.
  3419 | D:3      | Found a transporter.
  3551 | D:3      | Reached skill level 5 in Conjurations
  3602 | D:3      | Reached * piety under Sif Muna
  3608 | D:3      | Found an iron altar of Okawaru.
  3667 | D:3      | Bacchus: Oh dear.
  3667 | D:3      | Toan: ruuuuuuuun
  3667 | D:3      | Bacchus: This vault.
  3667 | D:3      | Toan: I don't know this vault
  3667 | D:3      | Toan: but probably lots of smelly gobbos
  3667 | D:3      | Bacchus: I don't know the name of it, but it's basically a
                  | castle.
  3688 | D:3      | Toan: lol. gonna beseige a castle then?
  3898 | D:3      | Toan: just booted up a Ds, and instantly got shadow
                  | mutation. Do you go dex for stabbing?
  3907 | D:3      | Toan: Fighter start, as usual
  3907 | D:3      | Bacchus: ??dex
  3907 | D:3      | beem: dex[1/1]: Increases {accuracy} slightly, chance of
                  | stabbing distracted mons and stealth as well. Plays a
                  | significant role in EV if you have {dodging} skill. Boosts
                  | ability to shield-block, especially for bucklers, less for
                  | large shields.
  3907 | D:3      | Bacchus: I don't think that -- okay, I stand corrected.
  3907 | D:3      | Toan: :P
  3907 | D:3      | Bacchus: ??stats
  3907 | D:3      | beem: starting stats[1/3]: A character's starting stats are
                  | equal to species contribution + job contribution. See
                  | {starting stats[2]} for the species contributions and
                  | {starting stats[3]} for the job contributions.
  3907 | D:3      | Bacchus: ??which stat
  3907 | D:3      | beem: which stat[1/2]: For most characters early game, go
                  | in order: Casting spells that want spellpower -> Int, not
                  | enough str to wear plate and you want to wear plate -> Str,
                  | otherwise -> Dex, unless you already have or will soon have
                  | >=24 dex, then possibly reconsider. See {dodging}.
  3907 | D:3      | Bacchus: There you go.
  3907 | D:3      | Bacchus: Train enough str to wear the armour you want, then
                  | go with dex.
  3932 | D:3      | Toan: I've never played a stabby/stealthy type so I'm
                  | honestly not sure. I guess Int can't hurt
  3932 | D:3      | Reached XP level 6. HP: 28/28 MP: 0/11
  3943 | D:3      | Bacchus: Int is for spellcasting.
  3943 | D:3      | Bacchus: Nothing else.
  4001 | D:3      | Toan: i mean, hexes are pretty important for stabbers, as
                  | faras I know
  4005 | D:3      | Toan: eh I'll mess around. I just wanted to play Nemelex
  4377 | D:3      | Toan: you know, I've never played Hep, but it reads so
                  | boring on paper
  4413 | D:3      | Bacchus: Permanent ally.
  4413 | D:3      | Bacchus: & -10% hp.
  4478 | D:3      | Toan: I guess it's so generic it's good on literally any
                  | character
  4481 | D:3      | Toan: with HP to spare, that is
  4498 | D:3      | Reached skill level 6 in Conjurations
  4818 | D:3      | Reached skill level 3 in Spellcasting
  4865 | D:3      | Reached ** piety under Sif Muna
  5061 | D:1      | idiot
  5387 | D:3      | Reached skill level 4 in Spellcasting
  5667 | D:3      | Bacchus: ??yief
  5667 | D:3      | beem: I don't have a page labeled yief in my learndb. Did
                  | you mean: yiff, yiuf.
  5667 | D:3      | Bacchus: ??yiuf
  5667 | D:3      | beem: crazy yiuf[1/5]: This unique has a quarterstaff of
                  | chaos with decent plusses, and lives in a cottage in early
                  | dungeon. He's not tainted by a shred of sanity -- unless
                  | confused! Always has a cloak. Random colour. Like an ogre,
                  | he can deal up to 35 or so damage in one shot. Or paralyse
                  | or banish you.
  5667 | D:3      | Toan: yiff? LOL
  5667 | D:3      | Bacchus: ??yiff
  5667 | D:3      | beem: yiff[1/13]: a - the +0 cloak "Byiff" (worn) {rC+ MR+
                  | Regen+ MP+9}
  5669 | D:3      | Noticed Crazy Yiuf
  5695 | D:3      | Killed Crazy Yiuf
  5695 | D:3      | Reached XP level 7. HP: 32/32 MP: 9/14
  5789 | D:4      | Found Ruevvoyfi's Antique Armour Shop.
  5863 | D:4      | Found Ahataica's Weapon Shoppe.
  5929 | D:4      | Reached skill level 5 in Spellcasting
  5972 | D:4      | You fall through a shaft for 3 floors!
  5973 | D:7      | Grrrr
  5988 | D:7      | Found a glowing golden altar of the Shining One.
  5995 | D:7      | Bacchus: Well this sucks in all four directions.
  5998 | D:7      | Toan: ruuun
  6001 | D:7      | Toan: are they fast?
  6012 | D:7      | Bacchus: No.
  6012 | D:7      | Bacchus: Not as fast as me, anyway.
  6012 | D:7      | Bacchus: I couldn't find the sewer.
  6018 | D:7      | Found a bloodstained altar of Trog.
  6039 | D:7      | HP: 5/32 [orc/+0 flail (9)]
  6108 | D:7      | Noticed Menkaure
  6109 | D:7      | Bacchus: Hmmmm.
  6109 | D:7      | Toan: eww Menkure
  6116 | D:7      | Toan: well this is a proper pickle
  6163 | D:7      | Killed Menkaure
  6163 | D:7      | Reached skill level 6 in Spellcasting
  6222 | D:7      | Bacchus: Bleh.
  6222 | D:7      | Bacchus: Okay so if I die I'll play a meleetard.
  6226 | D:7      | HP: 6/32 [kobold/bolt (5)]
  6227 | D:7      | HP: 1/32 [orc wizard/magic dart (6)]
  6228 | D:7      | Toan: hahaha
  6235 | D:7      | Toan: I look away for a second and this happens?
  6235 | D:7      | Toan: I'm just o-tabbing with Nemelex
  6235 | D:7      | Bacchus: I got shafted.
  6235 | D:7      | Bacchus: With like no mana and little health.
  6235 | D:7      | Bacchus: I've actually survived very well.
  6235 | D:7      | Bacchus: For being dropped into this heap of shit.
  6239 | D:7      | Toan: ahh
  6275 | D:7      | HP: 7/32 [gnoll/+0 whip (3)]
  6310 | D:7      | HP: 2/32 [bullfrog (7)]
  6329 | D:7      | Slain by a bullfrog

Vault maps used:
D:1:      minmay_arrival_cross
D:2:      marbit_many_paths
D:3:      minmay_goblin_kobold_castle, okawaru_altar_gauntlet_db,
          gammafunk_temple_overflow_arena, kennysheep_crisscross,
          kennysheep_doodads, uniq_crazy_yiuf_cottage, uniq_robin, uniq_terence
D:4:      gup_sewer_entry_bubbles, serial_shops, nicolae_shop_window_shopping,
          shop, nicolae_shop_temple_entry_statues_fountains,
          nicolae_shop_overgrown_old_shop
D:7:      kennysheep_little_box, overflow_temple_1_default,
          overflow_temple_1_default, lemuel_doored_altar, grunt_livestock,
          uniq_menkaure

Skill      XL: |  1  2  3  4  5  6  7 |
---------------+----------------------+-----
Conjurations   | 3 4 5 6 |  6.0
Spellcasting   | 4 6 |  6.9
Dodging        | |  3.0
Stealth        | |  3.0

Action                   |  1- 3 |  4- 6 |  7- 9 || total
-------------------------+-------+-------+-------++-------
Melee: Short sword       |     9 |    19 |       ||    28
       Dagger            |     1 |    24 |    22 ||    47
 Fire: Blowgun           |       |    23 |     8 ||    31
       Hunting sling     |       |    57 |       ||    57
Throw: Stone             |       |     2 |       ||     2
 Cast: Magic Dart        |    93 |   209 |    25 ||   327
       Searing Ray       |     2 |    18 |    10 ||    30
Invok: Divine Energy     |       |     1 |       ||     1
Evoke: Wand              |       |       |     7 ||     7
  Use: Scroll            |     1 |       |     5 ||     6
       Potion            |       |       |     2 ||     2
 Stab: Sleeping          |     5 |     1 |       ||     6
  Eat: Ration            |       |     2 |       ||     2
Armor: Robe              |     1 |     7 |    14 ||    22
Dodge: Dodged            |    12 |    78 |    58 ||   148

Table legend:
 A = Non-vault XP
 B = Vault XP
 C = Vault XP percentage of total XP
 D = Non-vault monster count
 E = Vault monster count
 F = Vault count percentage of total count
                 A         B        C        D         E       F
            +---------+---------+-------+---------+---------+-------
      Total |     481 |     703 |  59.4 |      77 |      80 |  51.0
            +---------+---------+-------+---------+---------+-------
        D:1 |      46 |       0 |   0.0 |      26 |       0 |   0.0
        D:2 |     117 |       5 |   4.1 |      20 |       1 |   4.8
        D:3 |      49 |     524 |  91.4 |      24 |      77 |  76.2
        D:4 |     199 |       2 |   1.0 |       4 |       1 |  20.0
        D:7 |      70 |     172 |  71.1 |       3 |       1 |  25.0
            +---------+---------+-------+---------+---------+-------

Vault maps used:
D:1:      minmay_arrival_cross
D:2:      marbit_many_paths
D:3:      minmay_goblin_kobold_castle, okawaru_altar_gauntlet_db,
          gammafunk_temple_overflow_arena, kennysheep_crisscross,
          kennysheep_doodads, uniq_crazy_yiuf_cottage, uniq_robin, uniq_terence
D:4:      gup_sewer_entry_bubbles, serial_shops, nicolae_shop_window_shopping,
          shop, nicolae_shop_temple_entry_statues_fountains,
          nicolae_shop_overgrown_old_shop
D:7:      kennysheep_little_box, overflow_temple_1_default,
          overflow_temple_1_default, lemuel_doored_altar, grunt_livestock,
          uniq_menkaure

Table legend:
 A = Turns spent in this place as a percentage of turns spent in the entire game.
 B = Non-inter-level travel turns spent in this place as a percentage of non-inter-level travel turns spent in the entire game.
 C = Inter-level travel turns spent in this place as a percentage of turns spent in this place.
 D = Turns resting spent in this place as a percentage of non-inter-level travel turns spent in this place.
 E = Turns spent auto-exploring this place as a percentage of non-inter-level travel turns spent in this place.
 F = Non-inter-level travel turns spent in this place divided by the number of levels of this place that you've seen.
                   A       B       C       D       E      F
               +-------+-------+-------+-------+-------+----------------------
         Total | 100.0 | 100.0 |   5.3 |  29.6 |  20.5 | 1198.4
       Dungeon | 100.0 | 100.0 |   5.3 |  29.6 |  20.5 | 1198.4
               +-------+-------+-------+-------+-------+----------------------

Table legend:
 A = Kills in this place as a percentage of kills in entire the game.
 B = Kills by you in this place as a percentage of kills by you in the entire game.
 C = Kills by friends in this place as a percentage of kills by friends in the entire game.
 D = Other kills in this place as a percentage of other kills in the entire game.
 E = Experience gained in this place as a percentage of experience gained in the entire game.
 F = Experience gained in this place divided by the number of levels of this place that you have seen.
                   A       B       C       D       E      F
               +-------+-------+-------+-------+-------+----------------------
         Total | 100.0 | 100.0 |   N/A |   N/A | 100.0 | 236.8
       Dungeon | 100.0 | 100.0 |   N/A |   N/A | 100.0 | 236.8
               +-------+-------+-------+-------+-------+----------------------
